 Dungeon Crawl Stone Soup version 0.19-a0-1905-ge8b2aad (webtiles) character file.

150 Morenatsu the Slasher (level 5, -9/32 HPs)
             Began as a Tengu Monk on Oct 21, 2016.
             Mangled by an ogre
             ... wielding a +0 giant club
              (15 damage)
             ... on level 4 of the Dungeon.
             The game lasted 00:05:25 (2993 turns).

Morenatsu the Slasher (Tengu Monk)                  Turns: 2993, Time: 00:05:26

Health: -9/32      AC:  9    Str: 12    XL:     5   Next: 32%
Magic:  15/15      EV: 12    Int: 10    God:
Gold:   100        SH:  0    Dex: 17    Spells: 0 memorised, 4 levels left

rFire  . . .     SeeInvis .     a - +0 falchion
rCold  . . .     Gourm    .     f - +4 ring mail
rNeg   . . .     Faith    .     (no shield)
rPois  .         Spirit   .     (helmet restricted)
rElec  .         Reflect  .     (no cloak)
rCorr  .         Harm     .     (no gloves)
MR     .....                    (boots unavailable)
Stlth  +.........               (no amulet)
                                (no ring)
                                g - ring of magical power

@: no status effects
A: beak, talons 3, able to fly 1
a: Fly


You were on level 4 of the Dungeon.
You were hungry.

You visited 1 branch of the dungeon, and saw 4 of its levels.

You collected 100 gold pieces.

Inventory:

Hand Weapons
 a - a +0 falchion (weapon)
Armour
 b - a +0 robe
 f - a +4 ring mail (worn)
Jewellery
 g - a ring of magical power (left hand)
Wands
 p - a wand of confusion (10/48)
Scrolls
 i - 2 scrolls of identify
 l - a scroll of blinking
Potions
 e - a potion of curing
 h - a potion of brilliance
 j - a potion of magic
 k - a potion of lignification
 n - a potion of flight {unknown}
 o - a potion of heal wounds {unknown}
 q - a potion of mutation {unknown}
Comestibles
 c - 5 bread rations
 d - 2 meat rations
 m - a royal jelly


   Skills:
 - Level 3.0 Fighting
 + Level 5.4 Long Blades
 - Level 2.1 Armour
 - Level 4.0 Dodging
 - Level 2.0 Stealth


You had 4 spell levels left.
You didn't know any spells.

Dungeon Overview and Level Annotations

Branches:
Dungeon (4/15)
 Temple: D:4-7

Altars:


Innate Abilities, Weirdness & Mutations

You have a beak for a mouth.
You have claws for feet.
You can fly.


Message History

You slash the bat!
You kill the bat!
No target in view!
You see here a mace of draining.
Things that are here:
a scale mail; a war axe; an orc skeleton There isn't anything to butcher here.
You see here a mace of draining.
Things that are here:
a scale mail; a war axe; an orc skeleton
Found 19 arrows.
Found an escape hatch in the ceiling.
The ogre shouts!
Found 18 stones.
The ogre hits you with a giant club!!
Ouch! That really hurt!
* * * LOW HITPOINT WARNING * * *
There is an escape hatch in the ceiling here.
The ogre hits you with a giant club!
You die...

#.....+....#.##.# #.
#.....#....#.##.##### #.#
#.....#.............#
##..####.#.##.#.#.#.####.#
...# #.#......#...#
#.####.###.....#..#
#......##...##.#....
#.......#..........##
#......@#.(........#
+......O###..###.###
#.......# #... ..#
#.......# .### #.......#
#.......# #.......#
####.......# #
#.........##.#


You could see an ogre.

Vanquished Creatures
  An orc wizard (D:3)
  A gnoll (D:1)
  2 adders (D:3)
  An ooze (D:2)
  3 dart slugs
  A worm (D:3)
  3 leopard geckos
  9 orcs
  11 bats
  6 giant cockroaches
  5 goblins
  6 hobgoblins
  4 jackals (D:3)
  6 kobolds
  A frilled lizard (D:3)
  6 rats
66 creatures vanquished.

Notes
Turn   | Place    | Note
-------+----------+-------------------------------------------
     0 | D:1      | Morenatsu the Tengu Monk began the quest for the Orb.
     0 | D:1      | Reached XP level 1. HP: 14/14 MP: 2/2
   124 | D:1      | Reached XP level 2. HP: 19/19 MP: 3/3
   592 | D:2      | Reached XP level 3. HP: 20/23 MP: 4/4
   791 | D:2      | Noticed a troll
  1610 | D:3      | Reached skill level 4 in Long Blades
  1633 | D:3      | Reached XP level 4. HP: 28/28 MP: 5/5
  2525 | D:4      | Noticed an ogre
  2588 | D:3      | Reached skill level 5 in Long Blades
  2588 | D:3      | Gained mutation: You can fly. [Tengu growth]
  2588 | D:3      | Reached XP level 5. HP: 26/32 MP: 6/6
  2993 | D:4      | Mangled by an ogre

Vault maps used:
D:1:      matt_arrival_refuge
D:2:      lightli_corner_chamber
D:3:      first_bread
D:4:      lemuel_upstairs_altar

Skill      XL: |  1  2  3  4 |
---------------+-------------+-----
Armour         | 2 |  2.1
Dodging        | 4 |  4.0
Long Blades    | 4 5 |  5.4
Fighting       | |  3.0
Stealth        | |  2.0

Action                   |  1- 3 |  4- 6 || total
-------------------------+-------+-------++-------
Melee: Falchion          |    57 |    77 ||   134
       Peck              |    15 |    15 ||    30
       Kick              |    15 |    25 ||    40
 Abil: Fly               |       |     1 ||     1
  Use: Scroll            |     9 |     2 ||    11
 Stab: Sleeping          |     6 |     2 ||     8
  Eat: Chunk             |     2 |     4 ||     6
Armor: Robe              |     4 |       ||     4
       Ring mail         |    19 |    22 ||    41
Dodge: Dodged            |    17 |    44 ||    61
       Rpst.: Falchion   |     9 |    14 ||    23
